Match 26956769
Unlisted

Match 26956769
End
Construct Section Command Post
Infantry Section
Dingo Light Scout Car
Selects Air and Sea Battlegroup
Infantry Section
Infantry Section
Infantry Section
Construct Platoon Command Post
Unlock M3 Stuart Light Tanks
M3 Stuart Light Tank
M3 Stuart Light Tank
M3 Stuart Light Tank
Construct Company Command Post
Selects Commando Section Paradrop
Selects M1 Pack Howitzer Paradrop
Commando Section Paradrop
Matilda II Heavy Tank
Selects Incendiary Bombing Run
Selects Supply Surplus
Commando Section Paradrop
Unlock M3 Grant Medium Tanks
Incendiary Bombing Run
M3 Grant Medium Tank
TFEi
TidaL
Сталин
Spherical Cat_Hero
Tartrazine
El Presidente
0
0

Comments sign in to comment!

No comments posted yet!